 Dungeon Crawl Stone Soup version 0.27-a0-531-gb72ec1a1b6 (webtiles) character file.

Game seed: 12478476341904092664

579 jasper the Ruffian (level 7, -6/64 HPs)
             Began as a Naga Warper on Mar 5, 2021.
             Splashed by a jelly's acid (9 damage)
             ... on level 5 of the Dungeon.
             The game lasted 00:09:18 (4683 turns).

jasper the Ruffian (Naga Warper)                    Turns: 4683, Time: 00:09:19

Health: -6/64      AC: -10   Str: 13    XL:     7   Next: 36%
Magic:  4/10       EV: 13    Int: 16    God:
Gold:   252        SH:  0    Dex: 10    Spells: 2/10 levels left

rFire    . . .     SeeInvis +     - Unarmed
rCold    . . .     Faith    .   (no shield)
rNeg     . . .     Spirit   .   a - +0 leather armour
rPois    +         Reflect  .   (no helmet)
rElec    .         Harm     .   c - +1 cloak
rCorr    .         Rampage  .   (no gloves)
Will     .....                  (no barding)
Stlth    +.........             g - amulet of the acrobat
HPRegen  0.20/turn              f - +4 ring of evasion
MPRegen  0.12/turn              (no ring)

@: short of breath, corroded, very slow
A: large, see invisible, deformed body, poison resistance, slowness 2, spit
poison 1, naga tail 1, AC +2
a: Spit Poison


You were on level 5 of the Dungeon.
You visited 1 branch of the dungeon, and saw 5 of its levels.

You collected 252 gold pieces.

Inventory:

Missiles
 d - 6 boomerangs of dispersal
 h - 17 poisoned darts
 i - 13 boomerangs (quivered)
Armour
 a - a +0 leather armour (worn)
 c - a +1 cloak (worn)
Jewellery
 e - an amulet of guardian spirit
 f - a +4 ring of evasion (left hand)
 g - an amulet of the acrobat (around neck)
Scrolls
 j - 3 scrolls of fear
 k - a scroll of random uselessness {unknown}
 l - 2 scrolls of immolation
 m - a scroll of magic mapping {unknown}
 o - 2 scrolls of amnesia
 q - a scroll of fog
 s - a scroll of enchant armour {unknown}
Potions
 b - a potion of attraction {unknown}
 n - a potion of resistance
 p - a potion of ambrosia {unknown}
 r - a potion of cancellation {unknown}


   Skills:
 + Level 4.3 Fighting
 - Level 1.0 Throwing
 - Level 0.7 Armour
 - Level 1.5 Dodging
 * Level 5.8 Unarmed Combat
 - Level 2.0 Spellcasting
 - Level 4.5 Translocations


You had 2 spell levels left.
You knew the following spells:

 Your Spells              Type           Power      Damage    Failure   Level
a - Blink                 Tloc           N/A        N/A       6%          2
b - Gell's Gravitas       Tloc           8%         N/A       12%         3
c - Lesser Beckoning      Tloc           8%         N/A       12%         3

Your spell library contained the following spells:

 Spells                   Type           Power      Damage    Failure   Level
 Magic Dart               Conj           4%         1d3       26%         1
 Teleport Other           Tloc           16%        N/A       12%         3
 Manifold Assault         Tloc           16%        N/A       38%         4


Dungeon Overview and Level Annotations

Branches:
Dungeon (5/15)
 Temple: D:4-7

Altars:
Dithmenos
Hepliaklqana
Kikubaaqudgha
Okawaru
Qazlal
Ru
Sif Muna
Trog
Vehumet
The Shining One


Innate Abilities, Weirdness & Mutations

Your serpentine skin is tough. (AC +2)
You have supernaturally acute eyesight. (SInv)
Armour fits poorly on your strangely shaped body.
Your system is resistant to poisons. (rPois)
You cover ground very slowly.
You can spit poison.
You have a snake-like lower body.


Message History

You throw a boomerang. The boomerang barely misses the jelly.
You have got your breath back.
The jelly hits you. The acid corrodes you!
You are splashed with acid!
* * * LOW HITPOINT WARNING * * *
The jelly hits you.
* * * LOW HITPOINT WARNING * * *
You are splashed with acid!
* * * LOW HITPOINT WARNING * * *
You take 22 damage, and have 4/64 hp.
MASSIVE DAMAGE!!
You aren't carrying any items that you can evoke.
Unknown command.
Okay, then.
Okay, then.
Casting: Blink (safe; 6% risk of failure)
Confirm with . or Enter, or press ? or * to list all spells.
You blink.
You now have 8/10 mp.
Casting: Blink (safe; 6% risk of failure)
Confirm with . or Enter, or press ? or * to list all spells.
You blink.
You now have 6/10 mp.
Throw: 13 boomerangs
Press: ? - help, Q - select action, (/) - cycle Shift-Dir - straight line, f/p - jelly
Aim: a jelly (almost dead, 89% to hit)
You throw a boomerang. The boomerang barely misses the jelly.
Casting: Blink (safe; 6% risk of failure)
Confirm with . or Enter, or press ? or * to list all spells.
You blink.
You now have 4/10 mp.
Press: ? - help, Shift-Dir - straight line, f/p - jelly
Aim: a jelly (almost dead)
You fail to use your ability.
The jelly barely misses you.
Press: ? - help, Shift-Dir - straight line, f/p - jelly
Aim: a jelly (almost dead)
The splash of poison hits the jelly.
The jelly completely resists.
The jelly is almost dead.
The jelly hits you.
* * * LOW HITPOINT WARNING * * *
The acid corrodes you!
You are splashed with acid!
You die...

. .. ...
##########
....
+.........
..... #.#
......##.####
........J...#
......##@##.#
#.# .....
#.##.# #.#
.... #.##.##
#.# ...
#.##..# #.#
..
#.###.###.# .
#.# #..##.#
#.# ##.##.#
#.# #..#.#
#.# ##.#.####


You could see a jelly.

Vanquished Creatures
  2 phantoms
  A howler monkey (D:4)
  A centaur skeleton (D:4)
  A hound (D:5)
  Ijyb (D:3)
  Natasha (thrice) (D:2)
  3 iguanas
  A worker ant zombie (D:5)
  4 adders
  3 gnolls (D:3)
  A white imp (D:5)
  A worm (D:5)
  2 dart slugs (D:1)
  4 leopard geckos
  2 orcs (D:5)
  A giant cockroach (D:1)
  5 goblins
  2 hobgoblins
  10 jackals
  2 quokkas
  A ball python (D:3)
  6 bats
  3 frilled lizards
  6 kobolds
  A leopard gecko zombie (D:5)
  7 rats
74 creatures vanquished.

Notes
Turn   | Place    | Note
-------+----------+-------------------------------------------
     0 | D:1      | jasper the Naga Warper began the quest for the Orb.
     0 | D:1      | Reached XP level 1. HP: 19/19 MP: 3/3
   134 | D:1      | Reached skill level 1 in Throwing
   205 | D:1      | Reached XP level 2. HP: 22/26 MP: 5/5
   264 | D:1      | Learned a level 2 spell: Blink
   916 | D:2      | Reached XP level 3. HP: 33/33 MP: 6/6
  1073 | D:2      | Reached skill level 3 in Unarmed Combat
  1092 | D:2      | Noticed Natasha
  1100 | D:2      | Killed Natasha
  1101 | D:2      | Reached XP level 4. HP: 38/40 MP: 7/7
  1105 | D:2      | Learned a level 3 spell: Gell's Gravitas
  1116 | D:2      | Noticed Natasha
  1125 | D:2      | Killed Natasha
  1157 | D:2      | Noticed a fire elemental
  1163 | D:2      | Noticed an air elemental
  1278 | D:2      | Noticed Natasha
  1293 | D:2      | Found a stormy altar of Qazlal.
  1295 | D:2      | Noticed a water elemental
  1295 | D:2      | Noticed an earth elemental
  1316 | D:2      | Killed Natasha
  1317 | D:2      | Reached XP level 5. HP: 31/49 MP: 8/8
  1913 | D:3      | Noticed Ijyb
  1925 | D:3      | Paralysed by Ijyb for 6 turns
  1937 | D:3      | Paralysed by Ijyb for 4 turns
  1953 | D:3      | Killed Ijyb
  1954 | D:3      | Reached skill level 4 in Unarmed Combat
  2369 | D:3      | Found a sacrificial altar of Ru.
  2375 | D:3      | Found a glowing golden altar of the Shining One.
  2378 | D:3      | Found an iron altar of Okawaru.
  2847 | D:4      | Found a radiant altar of Vehumet.
  2849 | D:4      | Identified Vehumet's Tome of Confrontation
  2852 | D:4      | Found an ancient bone altar of Kikubaaqudgha.
  2857 | D:4      | Learned a level 3 spell: Lesser Beckoning
  2857 | D:4      | Found a shimmering blue altar of Sif Muna.
  2939 | D:4      | Reached XP level 6. HP: 8/56 MP: 9/9
  3242 | D:4      | Found a hazy altar of Hepliaklqana.
  3244 | D:4      | Found a shadowy altar of Dithmenos.
  3245 | D:4      | Noticed a shadow
  3739 | D:4      | Reached skill level 5 in Unarmed Combat
  3740 | D:4      | Found a bloodstained altar of Trog.
  4045 | D:5      | Entered Level 5 of the Dungeon
  4134 | D:5      | Reached XP level 7. HP: 63/63 MP: 10/10
  4683 | D:5      | HP: 3/64 [jelly (3)]
  4683 | D:5      | Splashed by a jelly's acid

Illustrated notes

Levels and vault maps discovered:
D:1:      dpeg_chamrin_arrival_tetris, layout_rooms
D:2:      layout_basic, nicolae_overflow_hidden_temple,
          nicolae_qazlal_style_of_elements, uniq_natasha
D:3:      layout_loops_ring, minmay_overflow_temple_star_quad, minmay_quantized,
          uniq_ijyb
D:4:      layout_basic, riverfiend_overflow_shadow_ancestor,
          grunt_temple_overflow_magic_moments, bloody_trog
D:5:      layout_basic

Skill      XL: |  1  2  3  4  5  6  7 |
---------------+----------------------+-----
Throwing       | 1 |  1.0
Unarmed Combat | 3 4 5 |  5.8
Fighting       | 3 4 |  4.3
Translocations | 4 |  4.5
Armour         | |  0.7
Dodging        | |  1.5
Spellcasting   | |  2.0

Action                   |  1- 3 |  4- 6 |  7- 9 || total
-------------------------+-------+-------+-------++-------
Melee: Unarmed           |    85 |   167 |    61 ||   313
       Punch             |       |     3 |       ||     3
Throw: Boomerang         |       |     3 |    20 ||    23
 Cast: Blink             |       |     1 |     3 ||     4
 Abil: Spit Poison       |    16 |    44 |     8 ||    68
  Use: Scroll            |     2 |     5 |       ||     7
       Potion            |       |     6 |       ||     6
Armor: Leather armour    |    12 |    31 |    13 ||    56
       Skin              |       |     1 |       ||     1
Dodge: Dodged            |    79 |   160 |    28 ||   267

Table legend: (Time is in decaauts)
 A = Elapsed time spent in this place.
 B = Non-inter-level travel time spent in this place.
 C = Inter-level travel time spent in this place.
 D = Time resting spent in this place.
 E = Time spent auto-exploring this place.
 F = Levels seen in this place.
 G = Mean time per level.
                   A        B        C        D        E       F      G
               +--------+--------+--------+--------+--------+-----+--------+
         Total |   5610 |   5396 |    214 |    351 |   4291 |   5 | 1122.0 |
       Dungeon |   5610 |   5396 |    214 |    351 |   4291 |   5 | 1122.0 |
               +--------+--------+--------+--------+--------+-----+--------+

Top non-repeatable levels by time:
     D:4: 1374 daAuts
     D:3: 1295 daAuts
     D:2: 1116 daAuts
     D:1: 1101 daAuts
     D:5: 723 daAuts
